 Dungeon Crawl Stone Soup version 0.28-a0-476-g0f06bd746f (webtiles) character file.

Game seed: 7308640356759073361

24243 timneilson the Protected (level 13, -13/79 HPs)
             Began as a Gargoyle Fighter on Sept 16, 2021.
             Was a High Priest of Okawaru.
             Engulfed by an ice statue's freezing vapour (16 damage)
             ... in an ice cave.
             The game lasted 00:35:56 (14353 turns).

timneilson the Protected (Gargoyle Fighter)        Turns: 14353, Time: 00:35:56

Health: -13/79     AC: 35    Str: 25    XL:     13   Next: 11%
Magic:  18/18      EV:  5    Int:  9    God:    Okawaru [*****.]
Gold:   601        SH: 17    Dex: 15    Spells: 12/12 levels left

rFire   . . .      SeeInvis +   q - +0 scimitar (flame)
rCold   . . .      Faith    .   l - +0 tower shield
rNeg    + . .      Spirit   .   r - +0 plate armour
rPois   ∞          Reflect  .   y - +1 helmet {SInv}
rElec   +          Harm     .   e - +1 cloak
rCorr   .          Rampage  .   t - +0 pair of gloves
Will    .....                   (no boots)
Stlth   ..........              (no amulet)
HPRegen 0.23/turn               p - +6 ring of dexterity
MPRegen 0.16/turn               x - +4 ring of protection

@: hasted, very quick
A: sickness immunity, AC +9, negative energy resistance 1, electricity
resistance, torment resistance 1, petrification resistance
a: Renounce Religion, Heroism, Finesse, Duel


You were in an ice cave.
You worshipped Okawaru.
Okawaru was extremely pleased with you.
You visited 3 branches of the dungeon, and saw 15 of its levels.
You also visited: Ice Cave.

You collected 876 gold pieces.
You spent 275 gold pieces at shops.

Inventory:

Hand Weapons
 a - a +1 spectral long sword
 q - a +0 scimitar of flaming (weapon)
Armour
 e - a +1 cloak (worn)
 l - a +0 tower shield (worn)
 r - a +0 plate armour (worn)
 t - a +0 pair of gloves (worn)
 y - a +1 helmet of see invisible (worn)
Jewellery
 p - a +6 ring of dexterity (left hand)
 x - a +4 ring of protection (right hand)
 C - a +6 ring of dexterity
Wands
 m - a wand of flame (19)
 n - a wand of polymorph (22)
 u - a wand of acid (24)
 w - a wand of paralysis (10)
 B - a wand of iceblast (6)
Scrolls
 b - 6 scrolls of teleportation
 c - 4 scrolls of enchant armour
 h - a scroll of amnesia
 s - 4 scrolls of identify
 z - a scroll of brand weapon
 A - a scroll of enchant weapon
 G - 3 scrolls of fear
Potions
 d - 2 potions of might
 f - a potion of heal wounds
 g - 10 potions of curing
 i - 2 potions of brilliance
 j - 2 potions of flight
 o - 7 potions of attraction
 v - a potion of haste
 D - a potion of magic
 F - a potion of berserk rage
Miscellaneous
 E - a tin of tremorstones (2/2)


   Skills:
 + Level 8.7 Fighting
 * Level 9.8 Long Blades
 * Level 11.7 Armour
 * Level 11.7 Shields
 + Level 7.7 Invocations
 + Level 6.3 Evocations


You had 12 spell levels left.
You didn't know any spells.
Your spell library contained the following spells:

 Spells                   Type           Power      Damage    Failure   Level
 Ensorcelled Hibernation  Hex/Ice        0%         N/A       100%        2
 Static Discharge         Conj/Air       0%         N/A       100%        2
 Spider Form              Tmut/Pois      0%         N/A       100%        3
 Dispel Undead            Necr           0%         3d6       100%        4
 Sticky Flame             Conj/Fire      0%         2d3       100%        4
 Fireball                 Conj/Fire      0%         3d3       100%        5
 Iskenderun's Battlesphe  Conj           0%         2d6       100%        5
 Conjure Ball Lightning   Conj/Air       0%         3x3d6     100%        6
 Orb of Destruction       Conj           0%         N/A       100%        7
 Discord                  Hex            0%         N/A       100%        8
 Disjunction              Tloc           0%         N/A       100%        8


Dungeon Overview and Level Annotations

Branches:
Dungeon (11/15)            Temple (1/1) D:6            Lair (3/6) D:11
 Shoals (0/4) Lair:2          Orc (0/2) D:9           IceCv (1/1)
  Snake: Lair:2-4    Spider: Lair:2-4

Altars:
Ashenzari
Cheibriados
Dithmenos
Elyvilon
Fedhas
Gozag
Hepliaklqana
Kikubaaqudgha
Makhleb
Nemelex Xobeh
Okawaru
Qazlal
Ru
Sif Muna
Trog
Uskayaw
Vehumet
Wu Jian
Xom
Yredelemnul
Zin
The Shining One
Beogh

Shops:
D:1 (   D:5 [*(!   D:6 ?   D:11 *

Annotations:
D:6 2 transporters, heikuro's ghost, novice FoEE
D:8 3 runed translucent doors, Dittersdorf's ghost, novice GrFi
D:9 1 runed translucent door, quoriil's ghost, novice DsTm IceCv exclusion: 3 ice statues


Innate Abilities, Weirdness & Mutations

You are immune to sickness and miasma.
Your stone body is resilient. (AC +9)
You are immune to poison.
You resist negative energy. (rN+)
You are resistant to electric shocks. (rElec)
You are resistant to unholy torment.
You are immune to petrification.


Message History

You are engulfed in freezing vapours.
The ice statue gestures at you.
The bolt of cold hits you but does no damage.
You slash the ice statue!
You melt the ice statue.
The ice statue is heavily damaged.
You are engulfed in freezing vapours.
* * * LOW HITPOINT WARNING * * *
The ice beast hits you but does no damage.
The ice statue gestures.
The ice statue gestures at you. The bolt of cold hits you!
* * * LOW HITPOINT WARNING * * *
You slash the ice statue!
You melt the ice statue.
The ice statue is severely damaged.
You are engulfed in freezing vapours.
* * * LOW HITPOINT WARNING * * *
The ice beast hits you but does no damage.
Unknown command.
You bump into the stone wall.
The ice statue gestures at you. The shard of ice hits you!
* * * LOW HITPOINT WARNING * * *
The ice beast barely misses you.
Unknown command.
You hit the ice statue.
You melt the ice statue.
The ice statue is almost destroyed.
The ice statue gestures. x2
You feel less invigorated.
You feel less confused.
The ice beast hits you but does no damage.
Unknown command.
You hit the ice statue but do no damage.
The ice statue is almost destroyed.
The ice statue gestures at you. The freezing blast engulfs you.
* * * LOW HITPOINT WARNING * * *
You block the ice beast's attack. The ice beast barely misses you. x2
You hit the ice statue but do no damage.
The ice statue is almost destroyed.
You are engulfed in freezing vapours.
You die...

.. ##8##
##...##
##.....##
#....Y.8#
#......Y#
#....○YY#
#....☼Y@#
#....☼○8#
####.####
#[......#
#......)#
#(......#
#.......#
#...†...#
##.....##


You could see 3 ice statues and 5 ice beasts.

Vanquished Creatures
  A boulder beetle (Lair:3)
  Harold (D:7)
  An ugly thing (IceCv)
  A manticore (Lair:2)
  Maggie (D:6)
  2 gargoyles
  3 black mambas
  4 cane toads
  An unseen horror (D:10)
  A rime drake (Lair:2)
  A kobold demonologist (D:9)
  2 komodo dragons
  2 trolls
  A polar bear (Lair:2)
  Grinder (D:4)
  A wind drake (Lair:2)
  A shadow (D:11)
  32 yaks
  Sigmund (D:4)
  A vampire (D:11)
  A water elemental (D:11)
  2 wyverns
  2 wraiths
  A steam dragon (D:4)
  A basilisk (Lair:3)
  A death yak simulacrum (IceCv)
  2 acid dragons (D:8)
  9 water moccasins
  5 orc warriors
  2 black bears
  A necrophage (D:6)
  42 wolves
  6 ogres
  4 centaurs
  3 phantoms
  A kobold brigand (D:10)
  A gnoll sergeant (D:11)
  13 bullfrogs
  2 scorpions (D:4)
  A cane toad simulacrum (IceCv)
  A wyvern skeleton (D:6)
  2 elephant simulacra (IceCv)
  12 killer bees
  18 wights
  2 electric eels (D:11)
  4 howler monkeys
  A bullfrog zombie (D:6)
  4 crimson imps (D:10)
  A gnoll shaman (D:7)
  6 orc priests
  3 jellies
  A bullfrog skeleton (D:4)
  5 hounds
  3 iguanas
  Terence (D:2)
  11 orc wizards
  A killer bee zombie (D:8)
  2 polar bear simulacra (IceCv)
  Robin (D:3)
  12 gnolls
  10 adders
  2 shadow imps
  13 white imps
  An ufetubus (D:6)
  A dart slug (D:1)
  A worm (D:2)
  45 orcs
  5 ball pythons
  4 bats
  6 endoplasms
  4 giant cockroaches
  13 goblins
  14 hobgoblins
  2 jackals (D:3)
  13 kobolds
  3 quokkas
  A frilled lizard (D:2)
  5 rats
393 creatures vanquished.

Vanquished Creatures (others)
  5 fungi (Lair:2)
  8 plants
13 creatures vanquished.

Grand Total: 406 creatures vanquished

Notes
Turn   | Place    | Note
-------+----------+-------------------------------------------
     0 | D:1      | timneilson the Gargoyle Fighter began the quest for the
                  | Orb.
     0 | D:1      | Reached XP level 1. HP: 14/14 MP: 1/1
   308 | D:1      | Found Wollesh's Weapon Shop.
   329 | D:1      | Reached XP level 2. HP: 18/19 MP: 2/2
   626 | D:1      | Found a faded altar of an unknown god.
   826 | D:2      | Noticed Terence
   833 | D:2      | Killed Terence
   834 | D:2      | Reached XP level 3. HP: 21/23 MP: 3/3
  1076 | D:2      | Reached XP level 4. HP: 23/28 MP: 4/4
  1638 | D:3      | Reached XP level 5. HP: 33/33 MP: 5/5
  1673 | D:3      | Noticed Robin
  1696 | D:3      | Killed Robin
  1870 | D:3      | Found a radiant altar of Vehumet.
  1965 | D:3      | Found a hide-covered altar of Uskayaw.
  2185 | D:3      | Reached XP level 6. HP: 8/38 MP: 6/6
  2832 | D:4      | Reached skill level 5 in Armour
  2832 | D:4      | Reached skill level 1 in Invocations
  2938 | D:4      | Reached skill level 5 in Shields
  2939 | D:4      | Reached XP level 7. HP: 43/43 MP: 7/7
  2955 | D:4      | Reached skill level 1 in Evocations
  2959 | D:4      | Noticed Sigmund
  2960 | D:4      | Noticed Grinder
  2967 | D:4      | Killed Sigmund
  2975 | D:4      | Killed Grinder
  3216 | D:4      | Reached XP level 8. HP: 48/48 MP: 9/9
  3641 | D:5      | Entered Level 5 of the Dungeon
  3864 | D:5      | Reached skill level 5 in Fighting
  3965 | D:5      | Found Pauruf's Antique Weapon Boutique.
  3971 | D:5      | Reached skill level 5 in Long Blades
  3972 | D:5      | Found Yxtomp's Antique Armour Boutique.
  3973 | D:5      | Found Funul's General Store.
  3974 | D:5      | Found Huyrisiy's Distillery.
  3995 | D:5      | Bought a kite shield for 103 gold pieces
  3995 | D:5      | Bought a runed helmet for 172 gold pieces
  4144 | D:5      | Reached XP level 9. HP: 48/54 MP: 11/11
  4562 | D:6      | Found a transporter.
  4562 | D:6      | Noticed heikuro's ghost (novice FoEE)
  4736 | D:6      | Found a staircase to the Ecumenical Temple.
  4747 | Temple   | Entered the Ecumenical Temple
  5363 | D:6      | Noticed Maggie
  5381 | D:6      | Killed Maggie
  5651 | D:6      | Found Ypnul's Magic Scroll Shop.
  5711 | D:6      | Found a transporter.
  6051 | D:7      | Noticed Harold
  6061 | D:7      | Killed Harold
  6062 | D:7      | Reached XP level 10. HP: 30/60 MP: 13/13
  6514 | D:7      | Found a shadowy altar of Dithmenos.
  6537 | D:7      | Found a sacrificial altar of Ru.
  6942 | D:7      | Reached skill level 5 in Invocations
  7095 | D:8      | Found a runed translucent gate.
  7095 | D:8      | Found a runed translucent gate.
  7095 | D:8      | Found a runed translucent gate.
  7095 | D:8      | Noticed Dittersdorf's ghost (novice GrFi)
  7096 | D:8      | Noticed a kobold demonologist
  7305 | D:8      | Found an ornate altar of the Wu Jian Council.
  7624 | D:8      | Found a glowing silver altar of Zin.
  7792 | D:8      | Found a hazy altar of Hepliaklqana.
  7881 | D:8      | Reached XP level 11. HP: 64/66 MP: 15/15
  9149 | D:9      | Found a staircase to the Orcish Mines.
  9306 | D:9      | Found a runed translucent door.
  9306 | D:9      | Noticed quoriil's ghost (novice DsTm)
  9575 | D:10     | Entered Level 10 of the Dungeon
  9922 | D:10     | Found a shimmering altar of Xom.
  9988 | D:10     | Reached skill level 10 in Armour
  9988 | D:10     | Reached skill level 5 in Evocations
 10161 | D:10     | Reached skill level 10 in Shields
 10266 | D:10     | Found an iron altar of Okawaru.
 10278 | D:10     | Became a worshipper of Warmaster Okawaru
 10308 | D:10     | Found a faded altar of an unknown god.
 10308 | D:10     | Found a blossoming altar of Fedhas.
 10315 | D:10     | Found an opulent altar of Gozag.
 10317 | D:10     | Found a glowing golden altar of the Shining One.
 10319 | D:10     | Found a faded altar of an unknown god.
 10516 | D:11     | Noticed a two-headed ogre
 10912 | D:11     | Reached * piety under Okawaru
 11028 | D:11     | Found Tubrum's Assorted Antiques.
 11090 | D:11     | Found a staircase to the Lair.
 11175 | Lair:1   | Entered Level 1 of the Lair of Beasts
 11180 | Lair:1   | Reached XP level 12. HP: 53/73 MP: 16/16
 11279 | Lair:1   | Reached ** piety under Okawaru
 12333 | Lair:2   | Reached *** piety under Okawaru
 12522 | Lair:2   | Identified the +7 war axe of Zyhy {vorpal, rElec}
 12734 | Lair:2   | Found a staircase to the Shoals.
 12991 | Lair:2   | Reached **** piety under Okawaru
 13833 | Lair:3   | Noticed a boulder beetle
 13841 | Lair:3   | Killed a boulder beetle
 13955 | Lair:3   | Reached ***** piety under Okawaru
 13956 | Lair:3   | Reached XP level 13. HP: 73/79 MP: 18/18
 14053 | Lair:3   | Found a frozen archway.
 14084 | IceCv    | Entered an ice cave
 14274 | IceCv    | Found the +4 skin of Zhor {*Englaciate rC+++ SInv}
 14349 | IceCv    | HP: 2/79 [ice statue/shard of ice (8)]
 14353 | IceCv    | Engulfed by an ice statue's freezing vapour

Illustrated notes

Levels and vault maps discovered:
D:1:      wander_arrival_peaceful_grave, layout_loops_cross,
          shapermc_ecumenical_altar_mp_highgroup, serial_shops,
          nicolae_shop_trees
D:2:      layout_basic, uniq_terence
D:3:      layout_basic, nicolae_vehumet_radiance,
          nicolae_uskayaw_murder_on_the_dancefloor, kennysheep_orc_chapel,
          uniq_robin
D:4:      layout_basic, hangedman_feature_mirror, minmay_diced_spiral,
          uniq_grinder, uniq_sigmund
D:5:      layout_loops_ring, minmay_shop_grid_forest
D:6:      layout_basic, minmay_temple_entry_sparse_star, gammafunk_ghost_smash,
          serial_shops, nicolae_lakefront_shop, kennysheep_nondescript,
          uniq_maggie
D:7:      layout_basic, nicolae_dithmenos_the_darkroom, lemuel_crystal_altar,
          amcnicky_mini_pool_small, uniq_harold
D:8:      layout_cave_pods, mainiacjoe_overflow_brackets,
          nzn_hepliaklqana_mist_gate, lemuel_crystal_altar,
          gammafunk_ghost_nasty_kobolds
D:9:      layout_loops_corners, david_orc_2, serial_glass, glass_columns_a,
          glass_columns_b, glass_columns_a, glass_columns_a, glass_columns_a,
          glass_columns_a, ebering_ghost_inner_flame
D:10:     layout_roguey, led_xom_imps, chequers_temple_overflow_minitemple,
          mainiacjoe_overflow_cross_hatched
D:11:     cheibrodos_breeding_chamber, layout_long_grid, erik_lair_island,
          serial_shops, nicolae_shop_behind_doors
Temple:   jpeg_temple_alley_garden
Lair:1:   layout_chaotic_city
Lair:2:   layout_misc_corridors, minmay_shoals_entry_beasts,
          grunt_forest_large_clearings, grunt_megastairs_2
Lair:3:   layout_loops_ring, portal_ice_cave_entry_imps, grunt_megastairs_3
IceCv:    ice_cave_statue_garden_chambered

Skill      XL: |  1  2  3  4  5  6  7  8  9 10 11 12 |
---------------+-------------------------------------+-----
Long Blades    | 2 3 4 5 6 7 8 9 |  9.8
Armour         | 4 5 6 8 9 10 11 | 11.7
Shields        | 4 5 6 8 9 10 11 | 11.7
Fighting       | 4 5 6 7 8 |  8.7
Invocations    | 1 2 3 4 5 6 7 |  7.7
Evocations     | 1 2 3 4 5 6 |  6.3

Action                   |  1- 3 |  4- 6 |  7- 9 | 10-12 | 13-15 || total
-------------------------+-------+-------+-------+-------+-------++-------
Melee: Long sword        |    57 |   115 |   204 |   618 |    44 ||  1038
       Scimitar          |       |       |       |   104 |    46 ||   150
Invok: Heroism           |       |       |       |       |     1 ||     1
  Use: Scroll            |     4 |     3 |     7 |     8 |     1 ||    23
       Potion            |       |     1 |     3 |     3 |     4 ||    11
 Stab: Distracted        |       |       |       |     4 |       ||     4
Armor: Scale mail        |    19 |    59 |   111 |   145 |       ||   334
       Plate armour      |       |       |       |   383 |    84 ||   467
Dodge: Dodged            |    26 |    35 |    77 |   183 |    20 ||   341
Block: Buckler           |    13 |    27 |    14 |       |       ||    54
       Kite shield       |       |       |    87 |   157 |       ||   244
       Tower shield      |       |       |       |   564 |   101 ||   665

Table legend: (Time is in decaauts)
 A = Elapsed time spent in this place.
 B = Non-inter-level travel time spent in this place.
 C = Inter-level travel time spent in this place.
 D = Time resting spent in this place.
 E = Time spent auto-exploring this place.
 F = Levels seen in this place.
 G = Mean time per level.
                   A        B        C        D        E       F      G
               +--------+--------+--------+--------+--------+-----+--------+
         Total |  14608 |  14205 |    403 |   1215 |   9594 |  16 |  913.0 |
       Dungeon |  11129 |  10824 |    305 |   1050 |   7361 |  11 | 1011.7 |
        Temple |    239 |    187 |     52 |      0 |    168 |   1 |  239.0 |
          Lair |   2970 |   2924 |     46 |      0 |   2065 |   3 |  990.0 |
      Ice Cave |    268 |    268 |      0 |    165 |      0 |   1 |  268.0 |
               +--------+--------+--------+--------+--------+-----+--------+

Top non-repeatable levels by time:
  Lair:2: 1564 daAuts
     D:9: 1415 daAuts
     D:8: 1375 daAuts
     D:7: 1171 daAuts
     D:3: 1163 daAuts
  Lair:1: 1157 daAuts
     D:6: 1015 daAuts
     D:5: 1008 daAuts
     D:4: 882 daAuts
    D:10: 862 daAuts
     D:1: 839 daAuts
     D:2: 819 daAuts
    D:11: 576 daAuts
   IceCv: 268 daAuts
  Lair:3: 247 daAuts
